TOP OF THE 1ST |
Chula Vista Tacos batting - Pitching for Saskatoon Smokin' Guns : RHP Alex Phillips
|
Pitching: RHP Alex Phillips
|
|
Batting: RHB Gustavo Torres
|
0-0: Ball 1-0: Foul Ball, location: 2F 1-1: Ball 2-1: SINGLE (Groundball, 56D)
|
Batting: RHB Manny Torrez
|
0-0: Ball 1-0: Fly out, F7 (Flyball, 7M)
|
Batting: LHB Ken Phillips
|
0-0: Ball 1-0: Called Strike 1-1: Called Strike 1-2: Fly out, F8 (Line Drive, 8RS)
|
Batting: RHB Johnny Williams
|
0-0: Called Strike 0-1: SINGLE (Flyball, 9LS) Gustavo Torres to second Runner from 2nd tries for 3rd, SAFE, no throw or cutoff
|
Batting: RHB Joel Carlson
|
0-0: Fly out, F4 (Popup, 4MD)
|
Top of the 1st over - 0 run(s), 2 hit(s), 0 error(s), 2 left on base; Chula Vista 0 - Saskatoon 0 |
BOTTOM OF THE 1ST |
Saskatoon Smokin' Guns batting - Pitching for Chula Vista Tacos : LHP Rafael Alemán
|
Pitching: LHP Rafael Alemán
|
|
Batting: RHB César Rodríguez
|
0-0: Fly out, F7 (Flyball, 7M)
|
Batting: RHB Pedro Cabrera
|
0-0: Called Strike 0-1: Ball 1-1: Ball 2-1: DOUBLE (Flyball, 89M)
|
Batting: LHB José Liñares
|
0-0: Ground out 6-3 (Groundball, 6) Pedro Cabrera to third
|
Batting: RHB Luis Ibarra
|
0-0: Called Strike 0-1: Foul Ball, location: 2F 0-2: Ball 1-2: Strikes out swinging
|
Bottom of the 1st over - 0 run(s), 1 hit(s), 0 error(s), 1 left on base; Chula Vista 0 - Saskatoon 0 |
TOP OF THE 2ND |
Chula Vista Tacos batting - Pitching for Saskatoon Smokin' Guns : RHP Alex Phillips
|
Batting: RHB Tom Cirilo
|
0-0: Ball 1-0: Ground out 6-3 (Groundball, 6M)
|
Batting: SHB Walt Rodgers
|
0-0: Called Strike 0-1: Ground out 6-3 (Groundball, 6M)
|
Batting: RHB Ron Garrett
|
0-0: Ball 1-0: Ball 2-0: Ball 3-0: Base on Balls
|
Batting: LHB Michael Myers
|
0-0: Ball 1-0: Ball 2-0: Called Strike 2-1: Ball 3-1: Called Strike 3-2: Fly out, F7 (Flyball, 78XD)
|
Top of the 2nd over - 0 run(s), 0 hit(s), 0 error(s), 1 left on base; Chula Vista 0 - Saskatoon 0 |
BOTTOM OF THE 2ND |
Saskatoon Smokin' Guns batting - Pitching for Chula Vista Tacos : LHP Rafael Alemán
|
Batting: LHB Russell Peck
|
0-0: Ball 1-0: Ball 2-0: Ball 3-0: Called Strike 3-1: DOUBLE (Line Drive, 9LD)
|
Batting: RHB Xavier López
|
0-0: Called Strike 0-1: Called Strike 0-2: Ball 1-2: Foul Ball, location: 2F Balk! Russell Peck to third 1-2: SINGLE (Groundball, 6MD) Russell Peck scores
|
Batting: RHB Alvin Hampton
|
0-0: Ball 1-0: Swinging Strike 1-1: Swinging Strike 1-2: Ball 2-2: Foul Ball, location: 2F 2-2: DOUBLE (Flyball, 9LM) Xavier López to third
|
Batting: LHB Bo Rush
|
0-0: Foul Ball, location: 2F 0-1: Called Strike 0-2: Ball 1-2: Ball 2-2: Strikes out swinging
|
Batting: RHB Ben Fisher
|
0-0: Called Strike 0-1: Ground out 1-3 (Groundball, 15)
|
Batting: RHB César Rodríguez
|
0-0: Ball 1-0: Fly out, F7 (Flyball, 78S)
|
Bottom of the 2nd over - 1 run(s), 3 hit(s), 0 error(s), 2 left on base; Chula Vista 0 - Saskatoon 1 |
TOP OF THE 3RD |
Chula Vista Tacos batting - Pitching for Saskatoon Smokin' Guns : RHP Alex Phillips
|
Batting: RHB Gustavo Torres
|
0-0: Foul Ball, location: 2F 0-1: Ball 1-1: Swinging Strike 1-2: Foul Ball, location: 2F 1-2: Strikes out looking
|
Batting: RHB Manny Torrez
|
0-0: Ball 1-0: Ball 2-0: Swinging Strike 2-1: Ball 3-1: Called Strike 3-2: Ground out 1-3 (Groundball, 13)
|
Batting: LHB Ken Phillips
|
0-0: Swinging Strike 0-1: Swinging Strike 0-2: Ground out 4-3 (Groundball, 34)
|
Top of the 3rd over - 0 run(s), 0 hit(s), 0 error(s), 0 left on base; Chula Vista 0 - Saskatoon 1 |
BOTTOM OF THE 3RD |
Saskatoon Smokin' Guns batting - Pitching for Chula Vista Tacos : LHP Rafael Alemán
|
Batting: RHB Pedro Cabrera
|
0-0: SINGLE (Groundball, 25) (infield hit)
|
Batting: LHB José Liñares
|
0-0: Called Strike 0-1: Swinging Strike 0-2: Ball 1-2: Foul Ball, location: 2F 1-2: Ball 2-2: Ball 3-2: Strikes out looking
|
Batting: RHB Luis Ibarra
|
0-0: Ball 1-0: Ball 2-0: SINGLE (Line Drive, 4MD) Pedro Cabrera to second
|
Batting: LHB Russell Peck
|
0-0: SINGLE (Groundball, 6MD) Pedro Cabrera to third Luis Ibarra to second Runner from 3rd tries for Home, SAFE, no throw or cutoff
|
Batting: RHB Xavier López
|
0-0: Ball 1-0: Called Strike 1-1: Swinging Strike 1-2: Ball 2-2: Ball Wild Pitch! Luis Ibarra to third Russell Peck to second 3-2: Base on Balls
|
Batting: RHB Alvin Hampton
|
0-0: Ball 1-0: Called Strike 1-1: Foul Ball, location: 2F 1-2: Fly out, F7 (Flyball, 7M)
|
Batting: LHB Bo Rush
|
0-0: Swinging Strike 0-1: Ball 1-1: Fly out, F6 (Popup, 5)
|
Bottom of the 3rd over - 1 run(s), 3 hit(s), 0 error(s), 3 left on base; Chula Vista 0 - Saskatoon 2 |
TOP OF THE 4TH |
Chula Vista Tacos batting - Pitching for Saskatoon Smokin' Guns : RHP Alex Phillips
|
Batting: RHB Johnny Williams
|
0-0: DOUBLE (Line Drive, 8LM)
|
Batting: RHB Joel Carlson
|
0-0: Ground out 4-3 (Groundball, 13) Johnny Williams to third
|
Batting: RHB Tom Cirilo
|
0-0: Called Strike 0-1: Swinging Strike 0-2: Foul Ball, location: 2F 0-2: Ball 1-2: Foul Ball, location: 2F 1-2: Strikes out swinging
|
Batting: SHB Walt Rodgers
|
0-0: Ground out 1-3 (Groundball, 15)
|
Top of the 4th over - 0 run(s), 1 hit(s), 0 error(s), 1 left on base; Chula Vista 0 - Saskatoon 2 |
BOTTOM OF THE 4TH |
Saskatoon Smokin' Guns batting - Pitching for Chula Vista Tacos : LHP Rafael Alemán
|
Batting: RHB Ben Fisher
|
0-0: Called Strike 0-1: Ball 1-1: Foul Ball, location: 2F 1-2: Ball 2-2: Strikes out looking
|
Batting: RHB César Rodríguez
|
0-0: Foul Ball, location: 2F 0-1: Ball 1-1: Fly out, F8 (Flyball, 8LXD)
|
Batting: RHB Pedro Cabrera
|
0-0: SINGLE (Line Drive, 78S)
|
Batting: LHB José Liñares
|
0-0: Ball 1-0: Called Strike 1-1: Ball 2-1: Swinging Strike 2-2: Foul Ball, location: 2F 2-2: Strikes out swinging
|
Bottom of the 4th over - 0 run(s), 1 hit(s), 0 error(s), 1 left on base; Chula Vista 0 - Saskatoon 2 |
TOP OF THE 5TH |
Chula Vista Tacos batting - Pitching for Saskatoon Smokin' Guns : RHP Alex Phillips
|
Batting: RHB Ron Garrett
|
0-0: Foul Ball, location: 2F 0-1: Swinging Strike 0-2: Ball 1-2: Ball 2-2: Foul Ball, location: 2F 2-2: Ball 3-2: Base on Balls
|
Batting: LHB Michael Myers
|
0-0: Foul Ball, location: 2F 0-1: Ball 1-1: Fielders Choice at 2nd, 4-6 (Groundball, 4)
|
Batting: RHB Gustavo Torres
|
0-0: Grounds into double play, 4-6-3 (Groundball, 4)
|
Top of the 5th over - 0 run(s), 0 hit(s), 0 error(s), 0 left on base; Chula Vista 0 - Saskatoon 2 |
BOTTOM OF THE 5TH |
Saskatoon Smokin' Guns batting - Pitching for Chula Vista Tacos : LHP Rafael Alemán
|
Batting: RHB Luis Ibarra
|
0-0: Called Strike 0-1: Ball 1-1: Ball 2-1: Fly out, F4 (Popup, 8LS)
|
Batting: LHB Russell Peck
|
0-0: Called Strike 0-1: Ball 1-1: Ground out 1-3 (Groundball, 3S)
|
Batting: RHB Xavier López
|
0-0: Called Strike 0-1: Ball 1-1: Called Strike 1-2: Ball 2-2: Ball 3-2: Fly out, F2 (Popup, 2L)
|
Bottom of the 5th over - 0 run(s), 0 hit(s), 0 error(s), 0 left on base; Chula Vista 0 - Saskatoon 2 |
TOP OF THE 6TH |
Chula Vista Tacos batting - Pitching for Saskatoon Smokin' Guns : RHP Alex Phillips
|
Batting: RHB Manny Torrez
|
0-0: Called Strike 0-1: Foul Ball, location: 2F 0-2: Foul Ball, location: 2F 0-2: Ball 1-2: Foul Ball, location: 2F 1-2: Ball 2-2: Ball 3-2: Ground out 6-3 (Groundball, 6)
|
Batting: LHB Ken Phillips
|
0-0: Called Strike 0-1: Ground out 4-3 (Groundball, 4M)
|
Batting: RHB Johnny Williams
|
0-0: Called Strike 0-1: Foul Ball, location: 2F 0-2: Ball 1-2: Ball 2-2: Strikes out swinging
|
Top of the 6th over - 0 run(s), 0 hit(s), 0 error(s), 0 left on base; Chula Vista 0 - Saskatoon 2 |
BOTTOM OF THE 6TH |
Saskatoon Smokin' Guns batting - Pitching for Chula Vista Tacos : LHP Rafael Alemán
|
Pitching: RHP Rick Hernández
|
|
Batting: RHB Alvin Hampton
|
0-0: Ground out 5-3 (Groundball, 5)
|
Batting: LHB Bo Rush
|
0-0: Called Strike 0-1: Called Strike 0-2: Foul Ball, location: 2F 0-2: Ball 1-2: Strikes out swinging
|
Batting: RHB Ben Fisher
|
0-0: Called Strike 0-1: Ball 1-1: Reached on error, E4 (Groundball, 34)
|
Batting: RHB César Rodríguez
|
0-0: Fielders Choice at 2nd, 5-4 (Groundball, 5)
|
Bottom of the 6th over - 0 run(s), 0 hit(s), 1 error(s), 0 left on base; Chula Vista 0 - Saskatoon 2 |
TOP OF THE 7TH |
Chula Vista Tacos batting - Pitching for Saskatoon Smokin' Guns : RHP Alex Phillips
|
Batting: RHB Joel Carlson
|
0-0: Ball 1-0: Foul Ball, location: 2F 1-1: Foul Ball, location: 2F 1-2: Ground out 6-3 (Groundball, 6)
|
Batting: RHB Tom Cirilo
|
0-0: Ball 1-0: Called Strike 1-1: Foul Ball, location: 2F 1-2: Ball 2-2: Strikes out looking
|
Batting: SHB Walt Rodgers
|
0-0: Foul Ball, location: 2F 0-1: Foul Ball, location: 2F 0-2: Foul Ball, location: 2F 0-2: Strikes out swinging
|
Top of the 7th over - 0 run(s), 0 hit(s), 0 error(s), 0 left on base; Chula Vista 0 - Saskatoon 2 |
BOTTOM OF THE 7TH |
Saskatoon Smokin' Guns batting - Pitching for Chula Vista Tacos : RHP Rick Hernández
|
Batting: RHB Pedro Cabrera
|
0-0: Ball 1-0: Ball 2-0: Fly out, F8 (Flyball, 8RM)
|
Batting: LHB José Liñares
|
0-0: Foul Ball, location: 2F 0-1: Called Strike 0-2: Foul Ball, location: 2F 0-2: Fly out, F4 (Line Drive, 4)
|
Batting: RHB Luis Ibarra
|
0-0: Ground out 4-3 (Groundball, 4)
|
Bottom of the 7th over - 0 run(s), 0 hit(s), 0 error(s), 0 left on base; Chula Vista 0 - Saskatoon 2 |
TOP OF THE 8TH |
Chula Vista Tacos batting - Pitching for Saskatoon Smokin' Guns : RHP Alex Phillips
|
Pitching: RHP Bernardo García
|
|
Batting: RHB Ron Garrett
|
0-0: Called Strike 0-1: Called Strike 0-2: Ball 1-2: Ground out 1-3 (Groundball, 23)
|
Batting: LHB Michael Myers
|
0-0: Foul Ball, location: 2F 0-1: Ball 1-1: Foul Ball, location: 2F 1-2: Foul Ball, location: 2F 1-2: Ball 2-2: Ball 3-2: Fly out, F8 (Flyball, 8LM)
|
Batting: RHB Gustavo Torres
|
0-0: Foul Ball, location: 2F 0-1: Swinging Strike 0-2: Ball 1-2: SOLO HOME RUN (Flyball, 78XD), Distance : 450 ft
|
Pitching: RHP Sloan Numbers
|
|
Batting: RHB Manny Torrez
|
0-0: Called Strike 0-1: Foul Ball, location: 2F 0-2: Ground out 6-3 (Groundball, 6M)
|
Top of the 8th over - 1 run(s), 1 hit(s), 0 error(s), 0 left on base; Chula Vista 1 - Saskatoon 2 |
BOTTOM OF THE 8TH |
Saskatoon Smokin' Guns batting - Pitching for Chula Vista Tacos : RHP Rick Hernández
|
Pitching: RHP Jody Clemente
|
|
Batting: LHB Russell Peck
|
0-0: Called Strike 0-1: Ball 1-1: Swinging Strike 1-2: Hit by Pitch
|
Batting: RHB Xavier López
|
0-0: Sac Bunt - play at first, batter OUT! 2-4 Russell Peck to second
|
Batting: RHB Alvin Hampton
|
0-0: Ball 1-0: Ball Wild Pitch! Russell Peck to third 2-0: Ball 3-0: Called Strike 3-1: Base on Balls
|
Batting: LHB Bo Rush
|
0-0: Ball 1-0: Ball 2-0: Called Strike 2-1: Ball 3-1: Swinging Strike 3-2: Strikes out swinging
|
Pinch Hitting: LHB Raúl Casillán
|
0-0: DOUBLE (Groundball, 3L) Russell Peck scores Alvin Hampton to third
|
Pinch Hitting: LHB Alejandro Rojas
|
0-0: Called Strike 0-1: Called Strike 0-2: Ball 1-2: Strikes out looking
|
Bottom of the 8th over - 1 run(s), 1 hit(s), 0 error(s), 2 left on base; Chula Vista 1 - Saskatoon 3 |
TOP OF THE 9TH |
Chula Vista Tacos batting - Pitching for Saskatoon Smokin' Guns : RHP Sloan Numbers
|
Pitching: LHP Ernesto Pérez
|
|
Now at 3B: Peter Bryant
|
|
Now in LF: Raúl Casillán
|
|
Batting: LHB Ken Phillips
|
0-0: Ground out U3 (Groundball, 3L)
|
Batting: RHB Johnny Williams
|
0-0: Called Strike 0-1: Ball 1-1: Ball 2-1: Ball 3-1: Foul Ball, location: 2F 3-2: Foul Ball, location: 2F 3-2: Foul Ball, location: 2F 3-2: Foul Ball, location: 2F 3-2: Ground out 6-3 (Groundball, 6)
|
Batting: RHB Joel Carlson
|
0-0: Ball 1-0: Ball 2-0: Fly out, F7 (Flyball, 7D)
|
Top of the 9th over - 0 run(s), 0 hit(s), 0 error(s), 0 left on base; Chula Vista 1 - Saskatoon 3 |
|